 Dungeon Crawl Stone Soup version 0.28-a0-1429-gf3d713df7a (webtiles) character file.

Game seed: 14757366428202634120

435 Deminshera the Sneak (level 7, -3/38 HPs)
             Began as a Vine Stalker Brigand on Jan 8, 2022.
             Was a Follower of Uskayaw.
             Killed from afar by Ijyb (26 damage)
             ... with a bolt of acid
             ... on level 3 of the Dungeon.
             The game lasted 00:03:56 (3729 turns).

Deminshera the Sneak (Vine Stalker Brigand)         Turns: 3729, Time: 00:03:56

Health: -3/38      AC:  1    Str: 13    XL:     7   Next: 0%
Magic:  0/8        EV: 11    Int: 11    God:    Uskayaw [*.....]
Gold:   172        SH:  0    Dex: 18    Spells: 6/6 levels left

rFire   . . .      SeeInvis .   r - +2 dagger (drain)
rCold   . . .      Faith    .   (no shield)
rNeg    . . .      Spirit   +   l - +0 leather armour
rPois   +          Reflect  .   (no helmet)
rElec   .          Harm     .   c - +0 cloak
rCorr   .          Rampage  .   w - +0 pair of gloves
Will    .....                   (no boots)
Stlth   +++.......              (no amulet)
HPRegen 0.92/turn               h - ring of poison resistance
MPRegen 0.11/turn               (no ring)

@: corroded
A: fangs 2, regeneration 1, magic shield, antimagic bite, no potion heal 2
a: Renounce Religion, Stomp


You were on level 3 of the Dungeon.
You worshipped Uskayaw.
Uskayaw was noncommittal.
You visited 1 branch of the dungeon, and saw 4 of its levels.
You also visited: Sewer.

You collected 172 gold pieces.

Inventory:

Hand Weapons
 a - a +2 dagger
 p - a +0 dagger of speed
 r - a +2 dagger of draining (weapon)
Missiles
 d - 24 poisoned darts (quivered)
 e - 2 curare-tipped darts
Armour
 c - a +0 cloak (worn)
 l - a +0 leather armour (worn)
 w - a +0 pair of gloves (worn)
Jewellery
 h - a ring of poison resistance (left hand)
 j - a ring of positive energy
Scrolls
 f - 3 scrolls of identify {unknown}
 g - a scroll of magic mapping
 k - 2 scrolls of summoning {unknown}
 n - 2 scrolls of immolation {unknown}
 o - 2 scrolls of fear {unknown}
 t - a scroll of fog {unknown}
 v - a scroll of teleportation {unknown}
 x - a scroll of enchant weapon {unknown}
 y - a scroll of acquirement {unknown}
Potions
 b - a potion of mutation {unknown}
 i - a potion of attraction {unknown}
 m - 3 potions of berserk rage
 q - a potion of cancellation {unknown}
 s - a potion of heal wounds {unknown}
 u - a potion of resistance {unknown}
 z - a potion of curing {unknown}


   Skills:
 * Level 4.7 Fighting
 + Level 3.5 Short Blades
 - Level 2.0 Throwing
 - Level 0.7 Dodging
 + Level 6.6 Stealth


You had 6 spell levels left.
You didn't know any spells.
Your spell library was empty.

Dungeon Overview and Level Annotations

Branches:
Dungeon (4/15)              Sewer (visited)
 Temple: D:4-7

Altars:
Ashenzari
Uskayaw

Annotations:
D:3 Ijyb


Innate Abilities, Weirdness & Mutations

You have extremely sharp teeth.
Your natural rate of healing is unusually fast.
When hurt, damage is shared between your health and your magic reserves.
Your bite disrupts and absorbs the magic of your enemies.
Potions cannot restore your health.


Message History

y - a scroll labelled JAAMADINWAO No target in view!
Key pressed, stopping explore.
No target in view!
Ijyb is nearby!
There is an open door here.
There is an open door here.
The frilled lizard hisses angrily.
The frilled lizard barely misses you.
Ijyb shouts!
You hit the frilled lizard but do no damage.
You drain the frilled lizard.
You kill the frilled lizard!
Ijyb zaps a wand.
The bolt of acid hits you! The acid corrodes you! Ijyb hits you with a +0 club.
You hit Ijyb but do no damage. You drain Ijyb. You bite Ijyb.
You drain her power.
You feel invigorated.
Ijyb is moderately wounded.
Ijyb misses you.
You can now stomp with the beat.
You hit Ijyb but do no damage.
Ijyb is moderately wounded.
You closely miss Ijyb. Your bite misses Ijyb.
Ijyb is moderately wounded.
Ijyb closely misses you.
You hit Ijyb but do no damage. Your bite misses Ijyb.
Ijyb is moderately wounded.
Ijyb barely misses you.
You closely miss Ijyb. Your bite misses Ijyb.
Ijyb is moderately wounded.
Ijyb hits you with a +0 club.
You hit Ijyb but do no damage. You bite Ijyb. You drain her power.
You feel invigorated.
Ijyb is heavily wounded.
Ijyb hits you with a +0 club.
You hit Ijyb but do no damage.
Ijyb is heavily wounded.
Ijyb zaps a wand.
The bolt of acid hits you!!
Ouch! That really hurt!
You die...

#.# #.##...........#
#.# #.##...........#
#.###.##############
#.....# #########
##'##### #........
#.....# #........
#.....#######........
#.>...'.....'........
#...@.#######........
#..g..# #........
#.....# #####.###
####### #..# ##.#
#.## #..# ##.# #.#


You could see Ijyb (drained).

Vanquished Creatures
  2 kobold brigands (Sewer)
  A hound (D:4)
  2 jellies (D:2)
  2 hound skeletons (D:4)
  2 river rats (D:4)
  7 adders
  2 worms
  A dart slug (D:1)
  11 ball pythons
  6 bats
  16 endoplasms
  5 giant cockroaches
  7 goblins
  7 hobgoblins
  A quokka (D:1)
  A frilled lizard (D:3)
  20 kobolds
  5 rats
98 creatures vanquished.

Vanquished Creatures (others)
  4 fungi (D:2)
  6 toadstools (D:2)
10 creatures vanquished.

Grand Total: 108 creatures vanquished

Notes
Turn   | Place    | Note
-------+----------+-------------------------------------------
     0 | D:1      | Deminshera the Vine Stalker Brigand began the quest for the
                  | Orb.
     0 | D:1      | Reached XP level 1. HP: 11/11 MP: 2/2
   149 | D:1      | Reached XP level 2. HP: 15/15 MP: 3/3
   169 | D:1      | Reached skill level 5 in Stealth
   962 | D:1      | Reached XP level 3. HP: 19/19 MP: 4/4
  1676 | D:2      | Gained mutation: Your natural rate of healing is unusually
                  | fast. [Vine Stalker growth]
  1676 | D:2      | Reached XP level 4. HP: 21/23 MP: 5/5
  1915 | D:2      | Reached XP level 5. HP: 24/28 MP: 3/6
  2535 | D:3      | Noticed Ijyb
  2671 | D:4      | Found a glowing drain.
  2691 | D:4      | Reached skill level 6 in Stealth
  2697 | Sewer    | Entered a sewer
  2876 | Sewer    | Reached XP level 6. HP: 27/32 MP: 7/7
  3479 | D:4      | Found a hide-covered altar of Uskayaw.
  3479 | D:4      | Found a broken altar of Ashenzari.
  3541 | D:4      | Reached XP level 7. HP: 38/38 MP: 8/8
  3641 | D:4      | Became a worshipper of Uskayaw the Reveller
  3723 | D:3      | Reached * piety under Uskayaw
  3729 | D:3      | Killed from afar by Ijyb

Illustrated notes

Levels and vault maps discovered:
D:1:      dpeg_arrival_morbid_curiosity, layout_loops_ring,
          minmay_misc_feat_hallway, nicolae_figureground_pulse
D:2:      cheibrodos_fertilizer, layout_loops_ring
D:3:      layout_basic, nicolae_ecumenical_oubliette, uniq_ijyb, uniq_robin
D:4:      layout_loops_ring, gammafunk_temple_overflow_wave,
          lightli_sewer_entry_pipes

Skill      XL: |  1  2  3  4  5 |
---------------+----------------+-----
Fighting       | 2 3 4 |  4.7
Stealth        | 5 6 |  6.6
Short Blades   | 2 3 |  3.5
Throwing       | 2 |  2.0
Dodging        | |  0.7

Action                   |  1- 3 |  4- 6 |  7- 9 || total
-------------------------+-------+-------+-------++-------
Melee: Dagger            |    79 |   251 |     9 ||   339
       Bite              |    16 |    63 |     2 ||    81
       Punch             |       |     6 |       ||     6
  Use: Scroll            |       |     1 |       ||     1
 Stab: Sleeping          |     8 |     9 |       ||    17
Armor: Robe              |    12 |    14 |       ||    26
       Leather armour    |       |    33 |       ||    33
Dodge: Dodged            |    57 |   111 |     4 ||   172

Table legend: (Time is in decaauts)
 A = Elapsed time spent in this place.
 B = Non-inter-level travel time spent in this place.
 C = Inter-level travel time spent in this place.
 D = Time resting spent in this place.
 E = Time spent auto-exploring this place.
 F = Levels seen in this place.
 G = Mean time per level.
                   A        B        C        D        E       F      G
               +--------+--------+--------+--------+--------+-----+--------+
         Total |   3767 |   3626 |    141 |    100 |   2666 |   5 |  753.4 |
       Dungeon |   3376 |   3235 |    141 |    100 |   2468 |   4 |  844.0 |
         Sewer |    391 |    391 |      0 |      0 |    197 |   1 |  391.0 |
               +--------+--------+--------+--------+--------+-----+--------+

Top non-repeatable levels by time:
     D:1: 1269 daAuts
     D:2: 1174 daAuts
     D:4: 772 daAuts
   Sewer: 391 daAuts
     D:3: 159 daAuts
